AoeStats
← Here's Jhony!

Four Lakes

507611882Analyzed
1v1 RM · 12d ago on Sep 19, 2026· 64m 35s· 2 players
Game mode
Random Map
Map size
Tiny (2 player)
Population
200
Speed
Normal
Resources
Standard
Victory
Conquest
Starting age
Dark Age
Ending age
Imperial Age
RankedLock teamsTeams togetherTeam positionsShared explorationLock speedFull tech treeHidden civsTurbo modeCheats
Victory
Defeat
🇨🇴 Persians · Colombia
829
+17
🇲🇽 Mongols · Mexico
848
-17
Here's Jhony!
5:36 Loom
12:56 Feudal Age
13:56 Double-Bit Axe
20:21 Castle Age
19:47 Scale Barding Armor
19:53 Forging
21:16 Bow Saw
22:17 Fletching
23:06 Wheelbarrow
27:09 Horse Collar
28:40 Bloodlines
30:05 Chain Barding Armor
32:48 Hand Cart
32:18 Town Watch
33:38 Town Patrol
35:58 Iron Casting
42:05 Imperial Age
39:56 Husbandry
42:00 Bodkin Arrow
42:26 Cavalier
44:17 Capped Ram
44:41 Savar
45:20 Gold Mining
46:17 Conscription
47:18 Chemistry
46:59 Plate Barding Armor
49:22 Blast Furnace
52:59 Murder Holes
52:58 Guard Tower
53:29 Ballistics
54:30 Hoardings
54:10 Citadels
53:36 Sappers
54:19 Masonry
56:22 Architecture
56:05 Careening
56:35 Theocracy
57:27 Fishing Lines
57:59 Medium Warships
57:09 Demolition Ship
61:34 Spies/Treason
Miox
14:10 Feudal Age
12:27 Loom
28:38 Castle Age
28:39 Stone Mining
29:56 Pikeman
34:30 Scale Mail Armor
37:28 Forging
41:58 Squires
43:09 Wheelbarrow
45:39 Double-Bit Axe
52:54 Husbandry
53:04 Bloodlines
52:14 Light Cavalry
Connection lost

Rejoining the realm…

Still unreachable

The connection could not be restored.

Session expired

The server has moved on; the page needs a fresh start.